AoeStats
← DS_Kvothe

Arabia

508544047Analyzed
1v1 RM · 9d ago on Sep 23, 2026· 28m 20s· 2 players
Game mode
Random Map
Map size
Tiny (2 player)
Population
200
Speed
Normal
Resources
Standard
Victory
Conquest
Starting age
Dark Age
Ending age
Imperial Age
RankedLock teamsTeams togetherTeam positionsShared explorationLock speedFull tech treeHidden civsTurbo modeCheats
Victory
Defeat
🇦🇷 Japanese · Argentina
1905
+15
🇦🇷 Dravidians · Argentina
1878
-15
DS_Kvothe
7:05 Loom
9:18 Feudal Age
10:17 Double-Bit Axe
10:57 Horse Collar
21:35 Fletching
29:24 Castle Age
28:25 Scale Mail Armor
__97_Unknown_Arg
6:15 Loom
8:41 Feudal Age
8:57 Man-at-Arms
15:48 Wheelbarrow
16:46 Fletching
17:46 Padded Archer Armor
25:12 Castle Age
24:04 Gold Mining
24:20 Horse Collar
24:26 Double-Bit Axe
25:57 Scale Barding Armor
26:20 Bow Saw
27:59 Bloodlines
Connection lost

Rejoining the realm…

Still unreachable

The connection could not be restored.

Session expired

The server has moved on; the page needs a fresh start.